 Dungeon Crawl Stone Soup version 0.18-a0-1414-gcd7f35e (webtiles) character file.

6136 OkrshikAutist the Fighter (level 10, -5/94 HPs)
             Began as a Grey Draconian Hunter on Feb 26, 2016.
             Was an Elder of Okawaru.
             Killed by divine providence
             ... invoked by a smoke demon
             ... summoned by a kobold demonologist
              (12 damage)
             ... on level 9 of the Dungeon.
             The game lasted 00:20:04 (8393 turns).

OkrshikAutist the Fighter (Grey Draconian Hunter)   Turns: 8393, Time: 00:20:04

Health: -5/94      AC: 17    Str: 13 (14) XL:     10   Next: 59%
Magic:  9/9        EV: 11    Int: 13 (14) God:    Okawaru [****..]
Gold:   339        SH:  6    Dex: 11      Spells: 1 memorised, 7 levels left

rFire  . . .     SeeInvis .     b - +1 long sword (elec)
rCold  . . .     Gourm    .     (armour unavailable)
rNeg   . . .     Faith    .     A - +0 shield
rPois  +         Spirit   .     (helmet restricted)
rElec  .         Dismiss  .     r - +0 cloak
rCorr  .         Reflect  .     t - +2 pair of gloves {archery}
SustAt .         Harm     .     C - +0 pair of boots
MR     .....                    (no amulet)
Stlth  +.........               (no ring)
                                p - ring of poison resistance

@: not resistant to hostile enchantments, very unstealthy
A: walk through water, unfitting armour, stinger 1, clever 1, clumsy 2,
deterioration 2, low mp 1, unbreathing, cold-blooded, MP-powered wands, AC +12
a: Heroism, Renounce Religion


You were on level 9 of the Dungeon.
You worshipped Okawaru.
Okawaru was greatly pleased with you.
You were not hungry.

You visited 1 branch of the dungeon, and saw 9 of its levels.

You collected 456 gold pieces.
You spent 117 gold pieces at shops.

Inventory:

Hand Weapons
 a - a +1 hand crossbow
 b - a +1 long sword of electrocution (weapon)
 y - a +2 dagger of venom
 F - a +0 antimagic short sword
Missiles
 c - 28 bolts
 P - 15 bolts of flame
 R - 17 poisoned bolts
Armour
 r - a +0 cloak (worn)
 t - a +2 pair of gloves of archery (worn)
 A - a +0 shield (worn)
 C - a +0 pair of boots (worn)
Jewellery
 p - a ring of poison resistance (left hand)
Wands
 o - a wand of digging (6/24)
 L - a wand of polymorph (9/24)
Scrolls
 f - a scroll of magic mapping {unknown}
 g - 6 scrolls of teleportation
 h - 2 scrolls of remove curse
 k - a scroll of blinking {unknown}
 u - a scroll of recharging
 v - 4 scrolls of amnesia
 B - a scroll of fog {unknown}
 K - 2 scrolls of enchant armour {unknown}
 M - 2 scrolls of identify
 O - 4 scrolls of enchant weapon {unknown}
Potions
 i - 2 potions of flight
 l - 2 potions of curing
 m - a potion of cure mutation
 q - 2 potions of lignification
 w - 2 potions of brilliance
 x - 5 potions of heal wounds
 z - a potion of haste
 H - a potion of might
 I - a potion of agility
 N - a potion of experience
 Q - a potion of berserk rage
 T - a potion of mutation {unknown}
Books
 D - a book of Spatial Translocations

   Spells                             Type                      Level
   a - Apportation                    Translocation                1
   b - Blink                          Translocation                2
   c - Shroud of Golubria             Charms/Translocation         2
   d - Portal Projectile              Translocation                3
   e - Teleport Other                 Translocation                3
   f - Passage of Golubria            Translocation                4
 E - a book of Geomancy

   Spells                             Type                      Level
   a - Sandblast                      Earth                        1
   b - Passwall                       Transmutation/Earth          2
   c - Stone Arrow                    Conjuration/Earth            3
   d - Petrify                        Transmutation/Earth          4
   e - Lee's Rapid Deconstruction     Earth                        5
 G - a book of Dreams

   Spells                             Type                      Level
   a - Ensorcelled Hibernation        Hexes/Ice                    2
   b - Silence                        Hexes/Air                    5
   c - Darkness                       Hexes                        6
   d - Mass Confusion                 Hexes                        6
   e - Shadow Creatures               Summoning                    6
Comestibles
 d - 9 bread rations
 j - 5 meat rations
 n - 10 slices of pizza
 s - 4 beef jerkies
 J - a fruit
 S - 5 chunks of flesh


   Skills:
 - Level 10.5 Fighting
 - Level 8.3 Long Blades
 - Level 8.3 Crossbows
 + Level 5.6 Dodging
 - Level 0.8 Stealth


You had 7 spell levels left.
You knew the following spells:

 Your Spells              Type           Power        Failure   Level  Hunger
a - Blink                 Tloc           N/A          100%        2    ###....


Dungeon Overview and Level Annotations

Branches:
Dungeon (9/15)             Temple (0/1) D:5
   Lair: D:8-11         Orc: D:9-12

Altars:
Cheibriados
Dithmenos
Elyvilon
Fedhas
Gozag
Okawaru
Pakellas
Qazlal
Ru
Vehumet
Zin
The Shining One

Shops:
D:4 (*(

Annotations:
D:5 OkrshikAutist's ghost, novice DrHu


Innate Abilities, Weirdness & Mutations

You can walk through water.
Your dull iron-grey scales are very hard (AC +12).
Your body does not fit into most forms of armour.
You can survive without breathing.
You are cold-blooded and may be slowed by cold attacks.
Your tail ends in a poisonous barb.
Your mind is acute. (Int +2)
You are very clumsy. (Dex -4)
Your body often deteriorates upon taking damage.
Your magical capacity is low (-10% MP).
You expend magic power (3 MP) to strengthen your wands.


Message History

The ice devil hits you! The ice devil freezes you!!
You feel yourself slow down.
Your body deteriorates!
You feel dopey.
The kobold demonologist casts a spell.
You feel yourself speed up.
The kobold demonologist casts a cantrip, but nothing happens.
The smoke demon gestures at you. Something smites you!
The ice devil hits you but does no damage.
The kobold demonologist gestures wildly while chanting.
The smoke demon gestures at you. Something smites you!
Read which item? (? for menu, Esc to quit)
As you read the scroll of fear, it crumbles to dust.
You assume a fearsome visage.
The ice devil is unaffected.
The smoke demon is unaffected.
The red devil is unaffected.
The kobold demonologist looks frightened!
The smoke demon gestures at you. Something smites you!
You die...

##+###### #.......# +.......#
#.......+ #.......# #.......#
#.....3.# #.@4..4.# #####K###
#####+## #..# #......# ###'##
#......# ###....#### ########
#......#####.)....'..###.......
#......#....)#....##...'(......
#......#.#####....######.......
#......'.# #....# #.......


You could see an ice devil, a kobold demonologist (fleeing), a smoke demon and a
red devil.

Vanquished Creatures
  The ghost of krfreak the Carver, a journeyman DsGl of Gozag (D:8)
  The ghost of kinazarov the Protected, a novice VSMo of Kikubaaqudgha (D:9)
  Pikel (D:6)
  A troll (D:4)
  Sigmund (D:4)
  A spriggan (D:8)
  A wyvern (D:7)
  Eustachio (D:4)
  A vampire mosquito (D:7)
  5 orc warriors
  An ice beast (D:5)
  A slave (D:6)
  A black bear (D:9)
  5 sky beasts
  A phantom (D:8)
  3 centaurs
  4 ogres
  Blork the orc (D:4)
  A big kobold (D:7)
  A giant frog (D:7)
  A wyvern skeleton (D:6)
  2 scorpions
  7 killer bees
  A howler monkey (D:4)
  A centaur zombie (D:4)
  A crimson imp (D:8)
  A wasp zombie (D:8)
  2 hounds
  5 orc priests
  10 orc wizards
  An iguana (D:4)
  6 worker ants
  A hound zombie (D:5)
  4 gnolls (D:8)
  9 adders
  2 shadow imps
  An adder zombie (D:6)
  An adder skeleton (D:7)
  3 worms
  2 dart slugs
  7 giant geckos
  33 orcs
  9 bats
  3 giant cockroaches
  8 goblins
  4 hobgoblins (D:1)
  8 jackals
  2 quokkas
  A giant gecko skeleton (D:5)
  4 giant newts
  10 kobolds
  A quokka skeleton (D:4)
  3 rats
187 creatures vanquished.

Vanquished Creatures (others)
  A giant frog skeleton (D:6)
1 creature vanquished.

Grand Total: 188 creatures vanquished

Notes
Turn   | Place    | Note
--------------------------------------------------------------
     0 | D:1      | OkrshikAutist the Draconian Hunter began the quest for the Orb.
     0 | D:1      | Reached XP level 1. HP: 17/17 MP: 1/1
   285 | D:1      | Reached skill level 3 in Fighting
   291 | D:1      | Reached XP level 2. HP: 20/26 MP: 2/2
   805 | D:2      | Reached skill level 4 in Fighting
   805 | D:2      | Reached XP level 3. HP: 33/33 MP: 3/3
   856 | D:2      | Found an oddly glowing altar of Pakellas.
  1354 | D:2      | Found a snail-covered altar of Cheibriados.
  1403 | D:2      | Reached XP level 4. HP: 32/41 MP: 4/4
  1648 | D:2      | Reached skill level 5 in Fighting
  2245 | D:3      | Reached XP level 5. HP: 50/50 MP: 5/5
  2264 | D:3      | Found a blossoming altar of Fedhas.
  2589 | D:3      | Found a faded altar to an unknown god.
  2662 | D:4      | Found Keusocal's Assorted Antiques.
  2667 | D:4      | Bought a pair of glowing gloves for 117 gold pieces
  2728 | D:4      | Noticed Blork the orc
  2733 | D:4      | Killed Blork the orc
  2733 | D:4      | Reached skill level 6 in Fighting
  2793 | D:4      | Noticed a troll
  2965 | D:4      | Reached skill level 7 in Fighting
  2965 | D:4      | Reached XP level 6. HP: 49/60 MP: 6/6
  3180 | D:4      | Found Usakir's Weapon Shoppe.
  3194 | D:4      | Killed a troll
  3194 | D:4      | Reached XP level 7. HP: 34/67 MP: 7/7
  3194 | D:4      | Your scales start taking on a dull iron-grey colour.
  3194 | D:4      | Gained mutation: You can survive without breathing. [Grey Draconian growth]
  3218 | D:4      | Noticed Eustachio
  3241 | D:4      | Killed Eustachio
  3241 | D:4      | Reached skill level 8 in Fighting
  3241 | D:4      | Reached skill level 5 in Crossbows
  3310 | D:4      | Found Liniq's Antique Weapon Shoppe.
  3386 | D:4      | Noticed Sigmund
  3401 | D:4      | Killed Sigmund
  3656 | D:4      | Reached XP level 8. HP: 51/77 MP: 8/8
  3825 | D:5      | Entered Level 5 of the Dungeon
  3826 | D:5      | Found an iron altar of Okawaru.
  3834 | D:5      | Became a worshipper of Warmaster Okawaru
  3845 | D:5      | Reached skill level 9 in Fighting
  4317 | D:5      | Found a staircase to the Ecumenical Temple.
  4319 | D:5      | Noticed OkrshikAutist's ghost (novice DrHu)
  4371 | D:5      | Found a sacrificial altar of Ru.
  4492 | D:6      | Found a stormy altar of Qazlal.
  4578 | D:6      | Reached * piety under Okawaru
  4741 | D:6      | Found a glowing golden altar of the Shining One.
  4741 | D:6      | Found a shadowy altar of Dithmenos.
  4961 | D:6      | Learned a level 2 spell: Blink
  4966 | D:6      | Found a glowing silver altar of Zin.
  4967 | D:6      | Found an opulent altar of Gozag.
  5083 | D:6      | Found a radiant altar of Vehumet.
  5112 | D:6      | Reached skill level 10 in Fighting
  5139 | D:6      | Noticed Pikel
  5153 | D:6      | Killed Pikel
  5153 | D:6      | Reached XP level 9. HP: 25/86 MP: 9/9
  5593 | D:7      | Reached ** piety under Okawaru
  5593 | D:7      | Reached skill level 1 in Long Blades
  6209 | D:7      | Reached skill level 5 in Long Blades
  6364 | D:8      | Noticed krfreak's ghost (journeyman DsGl)
  6380 | D:7      | Reached *** piety under Okawaru
  6861 | D:8      | Killed krfreak's ghost
  6861 | D:8      | Reached XP level 10. HP: 32/94 MP: 10/10
  7441 | D:8      | Received a gift from Okawaru
  8045 | D:9      | Noticed kinazarov's ghost (novice VSMo)
  8058 | D:9      | Killed kinazarov's ghost
  8058 | D:9      | Received a gift from Okawaru
  8058 | D:9      | Reached **** piety under Okawaru
  8091 | D:9      | Gained mutation: You expend magic power (3 MP) to strengthen your wands. [mutagenic meat]
  8093 | D:9      | Gained mutation: Your mind is acute. (Int +2) [mutagenic meat]
  8095 | D:9      | Gained mutation: Your body sometimes deteriorates upon taking damage. [mutagenic meat]
  8119 | D:9      | Reached skill level 5 in Dodging
  8137 | D:9      | Found a white marble altar of Elyvilon.
  8347 | D:9      | Gained mutation: Your magical capacity is low (-10% MP). [mutagenic meat]
  8349 | D:9      | Gained mutation: Your tail ends in a poisonous barb. [mutagenic meat]
  8350 | D:9      | Gained mutation: You are clumsy. (Dex -2) [mutagenic meat]
  8351 | D:9      | Gained mutation: Your body often deteriorates upon taking damage. [mutagenic meat]
  8352 | D:9      | Gained mutation: You are very clumsy. (Dex -4) [mutagenic meat]
  8391 | D:9      | Noticed a smoke demon
  8393 | D:9      | Killed from afar by a smoke demon

Vault maps used:
D:1:      eino_arrival_tree_alley
D:2:      nicolae_overflow_crystal_walls, johnstein_pakellas_dig
D:3:      first_bread, ecumenical_altar_1, fedhas_altar_1
D:4:      serial_shops, shop, shop_coins, shop, uniq_sigmund, uniq_eustachio,
          uniq_blork_the_orc
D:5:      overflow_temple_1_default, minmay_temple_entry_overgrown,
          hangedman_decor_riveting, okawaru_trees_1
D:6:      grunt_temple_overflow_gold_and_silver, lemuel_doored_altar,
          amethyst_overflow_temple_binary, basic_altar, uniq_pikel
D:7:      kb_rosetta
D:8:      grunt_pizzeria
D:9:      lemuel_crystal_altar, serial_shops, shop, minmay_misc_feat_cross

Skill      XL: |  1  2  3  4  5  6  7  8  9 10 |
---------------+-------------------------------+-----
Fighting       | 3 4 5 7 8 10 | 10.5
Crossbows      | 4 5 7 8 |  8.3
Long Blades    | 7 8 |  8.3
Dodging        | 5 |  5.6
Stealth        | |  0.8

Action                   |  1- 3 |  4- 6 |  7- 9 | 10-12 || total
-------------------------+-------+-------+-------+-------++-------
Melee: Short sword       |   127 |    76 |     7 |       ||   210
       Dagger            |       |    70 |   160 |       ||   230
       Long sword        |       |       |   167 |   158 ||   325
 Fire: Hand crossbow     |     6 |    21 |    26 |     6 ||    59
  Use: Scroll            |     5 |       |    10 |     1 ||    16
 Stab: Sleeping          |     1 |     1 |     2 |       ||     4
       Distracted        |       |       |     2 |       ||     2
  Eat: Chunk             |     2 |     6 |    12 |    11 ||    31
       Meat ration       |       |       |       |     1 ||     1
